 Dungeon Crawl Stone Soup version 0.30.1-4-g462c640d31 (webtiles) character file.

Game seed: 2387168600354815719

225121 Shake04 the Severer (level 19, -6/113 HPs)
             Began as a Gargoyle Fighter on Aug 22, 2023.
             Was the Champion of Qazlal.
             Killed from afar by an ice dragon (19 damage)
             ... with a blast of cold
             ... on level 4 of the Swamp.
             The game lasted 02:01:35 (35099 turns).

Shake04 the Severer (Gargoyle Fighter)             Turns: 35099, Time: 02:01:36

Health: -6/113     AC: 52    Str: 32    XL:     19   Next: 31%
Magic:  4/24       EV:  9    Int: 11    God:    Qazlal [******]
Gold:   3663       SH: 29    Dex: 17    Spells: 18/18 levels left

rFire   . . .        c - +0 eveningstar (flame)
rCold   + . .        D - +1 tower shield of the Beginning {Stlth+}
rNeg    + + +        y - +6 crystal plate armour {rC+}
rPois   ∞            E - +1 helmet "Biareagg" {Fly rElec rC+ Int+3}
rElec   +            S - +2 cloak {Stlth+}
rCorr   +            C - +0 pair of gloves {infuse}
SInv    .            e - +1 pair of boots of the Wasteland {rC- rN++ Will+ Dex+3}
Will    ++...        a - amulet of regeneration Stlth
                     V - ring "Jauwnoug" {Fire rElec rPois rCorr Dex+5}
HPRegen 0.00/turn    O - ring "Qazxipna" {Ice rElec Str+5 Int-2 Stlth-}
MPRegen 0.19/turn

%: repel missiles, infuse magic (1 MP)
@: flying, inhibited regen, unable to read
A: sickness immunity, AC +14, big wings, negative energy resistance 1,
electricity resistance, torment resistance 1, petrification resistance, hooves
1, frail 1, low MP 2, inhibited regeneration, inability to read after injury 1
}: 1/15 runes: serpentine
a: Renounce Religion, Upheaval, Elemental Force, Disaster Area


You were on level 4 of the Swamp.
You worshipped Qazlal.
Qazlal was exalted by your worship.
You visited 7 branches of the dungeon, and saw 32 of its levels.
You visited the Abyss 1 time.
You also visited: Gauntlet and Ice Cave.

You collected 3949 gold pieces.
You spent 286 gold pieces at shops.

Inventory:

Hand Weapons
 c - a +0 eveningstar of flaming (weapon)
 n - a +9 broad axe of freezing
Armour
 e - the +1 pair of boots of the Wasteland (worn) {rC- rN++ Will+ Dex+3}
   (You acquired it on level 4 of the Lair of Beasts)

   Dex:       It affects your dexterity (+3).
   rC:        It makes you vulnerable to cold.
   rN:        It greatly protects you from negative energy.
   Will:      It increases your willpower.
 y - a +6 crystal plate armour of cold resistance (worn)
 C - a +0 pair of gloves of infusion (worn)
 D - the +1 tower shield of the Beginning (worn) {Stlth+}
   (You took it off Louise on level 1 of the Swamp)

   Stlth:     It makes you more stealthy.
 E - the +1 helmet "Biareagg" (worn) {Fly rElec rC+ Int+3}
   (You found it on level 4 of the Dungeon)

   Int:       It affects your intelligence (+3).
   rC:        It protects you from cold.
   rElec:     It insulates you from electricity.
   Fly:       It grants you flight.
 S - a +2 cloak of stealth (worn)
Jewellery
 a - an amulet of regeneration (around neck)
 r - the ring "Ecier" {Fire rN++ Str+2 Slay-5 SInv}
   (You found it on level 13 of the Dungeon)

   [ring of fire]

   It enhances your fire magic.
   Str:       It affects your strength (+2).
   Slay:      It affects your accuracy & damage with ranged weapons and melee
   (-5).
   rF:        It protects you from fire.
   rC:        It makes you vulnerable to cold.
   rN:        It greatly protects you from negative energy.
   SInv:      It lets you see invisible.
 O - the ring "Qazxipna" (right hand) {Ice rElec Str+5 Int-2 Stlth-}
   (You took it off a tengu conjurer on level 8 of the Dungeon)

   [ring of ice]

   It enhances your ice magic.
   Str:       It affects your strength (+5).
   Int:       It affects your intelligence (-2).
   rF:        It makes you vulnerable to fire.
   rC:        It protects you from cold.
   rElec:     It insulates you from electricity.
   Stlth:     It makes you less stealthy.
 V - the ring "Jauwnoug" (left hand) {Fire rElec rPois rCorr Dex+5}
   (You found it in a Gauntlet)

   [ring of fire]

   It enhances your fire magic.
   Dex:       It affects your dexterity (+5).
   rF:        It protects you from fire.
   rC:        It makes you vulnerable to cold.
   rElec:     It insulates you from electricity.
   rPois:     It protects you from poison.
   rCorr:     It protects you from acid and corrosion.
Wands
 b - a wand of polymorph (10)
 w - a wand of mindburst (26)
 G - a wand of roots (25)
 J - a wand of light (21)
 N - a wand of paralysis (41)
 Q - a wand of digging (8)
 Z - a wand of flame (50)
Scrolls
 j - 3 scrolls of amnesia
 k - 5 scrolls of immolation
 l - 3 scrolls of blinking
 m - 10 scrolls of teleportation
 s - 7 scrolls of fear
 t - 14 scrolls of identify
 A - 4 scrolls of magic mapping
 F - 6 scrolls of fog
 K - 2 scrolls of poison
 L - a scroll of summoning
 P - a scroll of brand weapon
Potions
 d - 5 potions of might
 f - 6 potions of haste
 g - 3 potions of berserk rage
 h - 2 potions of heal wounds
 i - 5 potions of flight
 o - 6 potions of resistance
 p - 3 potions of invisibility
 q - 5 potions of lignification
 u - 10 potions of brilliance
 v - 8 potions of curing
 z - 2 potions of magic
 R - 3 potions of cancellation
 T - 7 potions of mutation
Miscellaneous
 I - a box of beasts
 M - a lightning rod (4/4)


   Skills:
 + Level 16.3 Fighting
 - Level 17.4(18.0) Axes
 - Level 8.4(14.7) Maces & Flails
 + Level 11.8 Armour
 + Level 8.6 Dodging
 * Level 16.0 Shields
 + Level 14.8 Invocations


You had 18 spell levels left.
You didn't know any spells.
Your spell library contained the following spells:

 Spells                   Type           Power      Damage    Failure   Level
 Foxfire                  Conj/Fire      0%         2x1d4     100%        1
 Freeze                   Ice            0%         1d3       100%        1
 Sandblast                Erth           0%         2d4       100%        1
 Summon Small Mammal      Summ           0%         N/A       100%        1
 Passwall                 Tmut/Erth      0%         N/A       100%        2
 Wereblood                Tmut           0%         N/A       100%        2
 Confusing Touch          Hex            0%         N/A       100%        3
 Frozen Ramparts          Ice            0%         1d1       100%        3
 Hailstorm                Conj/Ice       0%         3d3       100%        3
 Inner Flame              Hex/Fire       0%         N/A       100%        3
 Stone Arrow              Conj/Erth      0%         3d7       100%        3
 Summon Guardian Golem    Hex/Summ       0%         N/A       100%        3
 Volatile Blastmotes      Fire/Tloc      0%         2d10      100%        3
 Animate Armour           Summ/Erth      0%         N/A       100%        4
 Flame Wave               Conj/Fire      0%         2d4       100%        4
 Fulminant Prism          Conj/Hex       0%         3d5       100%        4
 Iskenderun's Mystic Bla  Conj/Tloc      0%         2d3       100%        4
 Sticky Flame             Conj/Fire      0%         2d3       100%        4
 Blade Hands              Tmut           0%         N/A       100%        5
 Fireball                 Conj/Fire      0%         3d3       100%        5
 Irradiate                Conj/Tmut      0%         3d11      100%        5
 Iskenderun's Battlesphe  Conj           0%         2d6       100%        5
 Lee's Rapid Deconstruct  Erth           0%         3d4*      100%        5
 Summon Forest            Summ/Tloc      0%         N/A       100%        5
 Summon Mana Viper        Hex/Summ       0%         N/A       100%        5
 Yara's Violent Unravell  Hex/Tmut       0%         3d3       100%        5
 Iron Shot                Conj/Erth      0%         9d1       100%        6
 Plasma Beam              Fire/Air       0%         2x1d11    100%        6
 Starburst                Conj/Fire      0%         6d3       100%        6
 Summon Cactus Giant      Summ           0%         N/A       100%        6
 Dragon Form              Tmut           0%         N/A       100%        7
 Enfeeble                 Hex            0%         N/A       100%        7
 Spellforged Servitor     Conj/Summ      0%         N/A       100%        7
 Summon Hydra             Summ           0%         N/A       100%        7
 Lehudib's Crystal Spear  Conj/Erth      0%         10d2      100%        8
 Sublimation of Blood     Necr           Unusable   N/A       N/A         2

Dungeon Overview and Level Annotations

Branches:
Dungeon (15/15)            Temple (1/1) D:4            Lair (5/5) D:9
  Swamp (4/4) Lair:2        Snake (4/4) Lair:3        Slime (0/5) Lair:4
    Orc (2/2) D:9             Elf (1/3) Orc:2        Vaults (0/5) D:14
 Depths (0/4) D:15          IceCv (visited)         Gauntlet (visited)

Altars:
Ashenzari
Cheibriados
Dithmenos
Elyvilon
Fedhas
Gozag
Hepliaklqana
Kikubaaqudgha
Makhleb
Nemelex Xobeh
Okawaru
Qazlal
Ru
Sif Muna
Trog
Uskayaw
Vehumet
Wu Jian
Xom
Yredelemnul
Zin
The Shining One
Jiyva

Shops:
D:5 *   Orc:2 ([=(   Snake:1 *

Annotations:
Elf:1 Jorgrun


Innate Abilities, Weirdness & Mutations

You are immune to sickness and miasma.
Your stone body is resilient. (AC +14)
You are immune to poison.
Your large and strong wings let you fly.
You resist negative energy. (rN+)
You are resistant to electric shocks. (rElec)
You are resistant to unholy torment.
You are immune to petrification.
You have large cloven feet.
You are frail. (-10% HP)
Your magical capacity is very low. (-20% MP)
You do not regenerate when monsters are visible.
You occasionally lose the ability to read scrolls when taking damage.


Message History

You hear a deafening roar!
An ice dragon comes into view.
The seven-headed hydra simulacrum bites you but does no damage.
The seven-headed hydra simulacrum bites you.
The seven-headed hydra simulacrum freezes you!
You resist.
You feel threatened and lose the ability to read scrolls!
* * * LOW HITPOINT WARNING * * *
You block the seven-headed hydra simulacrum's attack. x2
The seven-headed hydra simulacrum bites you but does no damage. x2
You block the seven-headed hydra simulacrum's attack.
You bludgeon the seven-headed hydra simulacrum!!
You melt the seven-headed hydra simulacrum.
The seven-headed hydra simulacrum vaporises!
Qazlal accepts your kill.
You hit the seven-headed hydra simulacrum.
You melt the seven-headed hydra simulacrum.
The seven-headed hydra simulacrum is lightly damaged.
You block the seven-headed hydra simulacrum's attack. x4
The seven-headed hydra simulacrum bites you.
* * * LOW HITPOINT WARNING * * *
The seven-headed hydra simulacrum freezes you!
You resist.
* * * LOW HITPOINT WARNING * * *
You block the seven-headed hydra simulacrum's attack. x2
You impale the seven-headed hydra simulacrum!!
You melt the seven-headed hydra simulacrum.
The seven-headed hydra simulacrum is almost destroyed.
You block the seven-headed hydra simulacrum's attack.
The seven-headed hydra simulacrum closely misses you. x2
You block the seven-headed hydra simulacrum's attack. x4
You hit the seven-headed hydra simulacrum.
You melt the seven-headed hydra simulacrum.
The seven-headed hydra simulacrum vaporises!
Qazlal accepts your kill.
You can read scrolls again.
The ice dragon breathes frost at you. The blast of cold hits you!! You resist.
You feel threatened and lose the ability to read scrolls!
You die...

....~~..≈≈♣ ##..#
.~♣.~~.≈≈♣♣ #...#
(♣♣♣..♣♣♣♣ ♣♣♣##..##
....~.♣♣ ♣♣≈≈♣#D§###
.♣~~~~.♣♣♣≈≈≈♣##...#
♣♣~~~~..♣≈≈≈♣ ##..##
♣♣♣...♣♣..≈≈♣♣#..##
♣♣♣♣♣♣♣♣♣..≈≈♣##..#
.♣ ♣♣..♣♣ #@.# .♣
♣♣≈≈.≈# #?$# .♣
♣♣≈≈.≈♣#♣#○.# ♣♣♣♣♣
♣≈≈≈.≈≈.#.#.♣
♣♣..♣♣♣♣≈≈≈....§☼#.#
..♣♣.....≈≈.≈#♣#§○♣#
♣♣..♣♣.....≈≈# #°#
..♣♣♣♣♣♣♣♣≈≈♣♣ ##
...~♣♣♣ ♣♣≈≈♣


You could see an ice dragon (catching breath).

Vanquished Creatures
  Saint Roka (Orc:1)
  Nikola (Swamp:3)
  2 tentacled starspawn (Abyss:2)
  An Executioner (Abyss:2)
  7 nagarajas (Snake:4)
  An azure jelly (Swamp:4)
  A fenstrider witch (Swamp:3)
  Louise (Swamp:1)
  The ghost of Kumod the Sorcerer, an adept DECj of Sif Muna (D:15)
  An orc warlord (Orc:1)
  Aizul (Snake:1)
  2 cacodemons
  A reaper (IceCv)
  2 eleionomae
  4 dire elephants (Lair:5)
  A minotaur (Gauntlet)
  7 bunyips
  Snorg (D:13)
  2 fire dragons (D:15)
  8 vault guards (D:14)
  A salamander tyrant (Snake:4)
  15 hydras
  A rakshasa (Abyss:2)
  An ice dragon (Swamp:4)
  9 ghost crabs
  A catoblepas (Lair:1)
  3 boulder beetles
  A dancing weapon (Orc:2)
  5 alligators
  6 anacondas
  4 centaur warriors
  21 death yaks
  6 two-headed ogres
  11 naga warriors
  2 thrashing horrors (Abyss:2)
  A tengu warrior (D:14)
  13 naga sharpshooters
  3 shock serpents
  8 orc high priests (Orc:2)
  A deep elf knight (Elf:1)
  Amaemon (Lair:1)
  9 spriggans
  2 fire crabs
  A spectral death yak (Lair:5)
  A death drake (Swamp:4)
  A spectral anaconda (Lair:5)
  A skyshark (Lair:3)
  A glowing orange brain (D:15)
  5 goliath frogs
  4 skeletal warriors (D:12)
  A sixfirhy (Abyss:2)
  6 spriggan druids
  4 swamp dragons
  8 naga ritualists
  A swamp dragon (shapeshifter) (D:13)
  An orc knight (D:15)
  An obsidian statue (Lair:5)
  A deep elf zephyrmancer (Elf:1)
  4 necromancers
  4 deep elf pyromancers
  11 mana vipers
  4 orc sorcerers
  2 cyclopes (D:13)
  2 oklob plants (Lair:3)
  5 large abominations (Abyss:2)
  4 manticores
  A will-o-the-wisp (Swamp:2)
  A worldbinder (Abyss:2)
  4 salamanders
  11 ugly things
  2 dire elephant zombies
  Maurice (D:8)
  20 elephants
  An ice statue (IceCv)
  A guardian serpent (Snake:3)
  36 black mambas
  2 orange demons
  A gargoyle (D:12)
  4 apocalypse crabs (Swamp:3)
  21 naga magi
  13 cane toads
  A dire elephant skeleton (Lair:5)
  2 efreet
  3 unseen horrors
  Maggie (D:8)
  A yaktaur (D:13)
  4 freezing wraiths (Swamp:4)
  A rime drake (Lair:1)
  6 komodo dragons
  A kobold demonologist (D:8)
  An ice devil (Abyss:2)
  4 tengu conjurers
  11 trolls
  A queen bee (shapeshifter) (Abyss:2)
  Grinder (D:6)
  2 polar bears
  5 spectral elephants (Lair:5)
  3 tyrant leeches
  9 hornets
  15 dream sheep
  A dream sheep (shapeshifter) (D:13)
  14 blink frogs
  4 dire elephant simulacra
  A centaur simulacrum (D:15)
  2 vampires
  56 yaks
  7 wraiths
  2 wyverns
  A ynoxinul (Abyss:2)
  8 basilisks
  Grum (D:8)
  6 humans
  6 fire bats (Gauntlet)
  A hog (shapeshifter) (D:15)
  A spectral komodo dragon (Lair:2)
  3 swamp worm simulacra (Swamp:4)
  6 vampire mosquitoes
  2 steam dragons
  3 neqoxecs (D:15)
  A death yak simulacrum (IceCv)
  10 swamp worms
  A spectral cane toad (Lair:5)
  2 harpy simulacra (IceCv)
  2 wargs (shapeshifter) (D:15)
  47 nagas
  14 wargs
  An acid dragon (D:10)
  2 floating eyes (D:10)
  15 water moccasins
  13 hydra simulacra (Swamp:4)
  A sky beast (shapeshifter) (D:15)
  A hell hound (Gauntlet)
  34 orc warriors
  7 black bears
  A swamp drake (Swamp:1)
  2 elephant zombies (Lair:5)
  4 ice beasts
  2 sky beasts
  41 wolves
  7 ogres
  14 centaurs
  An elephant skeleton (Lair:5)
  2 phantoms
  14 bullfrogs
  3 kobold brigands
  2 gnoll sergeants
  4 scorpions
  3 cane toad simulacra
  6 two-headed ogre simulacra (IceCv)
  6 wights
  21 killer bees
  4 elephant simulacra
  An electric eel (Lair:3)
  A howler monkey (shapeshifter) (D:15)
  6 howler monkeys
  5 hounds
  5 jellies
  2 gnoll boudas
  39 orc priests
  2 sleepcaps (D:7)
  An iguana (shapeshifter) (D:15)
  4 iguanas
  22 orc wizards
  5 small abominations (Abyss:2)
  5 spriggan simulacra (IceCv)
  2 polar bear simulacra (IceCv)
  5 troll simulacra (IceCv)
  A wolf simulacrum (IceCv)
  8 gnolls
  6 adders
  6 naga simulacra (IceCv)
  A shadow imp (D:7)
  24 white imps
  3 ufetubi
  5 swamp drake simulacra (Swamp:4)
  2 dart slugs
  4 worms
  102 orcs
  7 bats
  13 endoplasms
  2 giant cockroaches (D:4)
  2 goblins
  6 hobgoblins
  2 quokkas
  9 ball pythons
  4 frilled lizards
  9 kobolds
  6 rats
1175 creatures vanquished.

Vanquished Creatures (collateral kills)
  A hydra (Swamp:3)
  A swamp worm (Swamp:3)
2 creatures vanquished.

Vanquished Creatures (others)
  A naga sharpshooter (Snake:4)
  A death drake (Swamp:3)
  A will-o-the-wisp (Swamp:4)
  A tyrant leech (Swamp:4)
  2 bloated husks
  An orc (Orc:1)
  6 foxfires (Swamp:2)
  4 starspawn tentacles (Abyss:2)
17 creatures vanquished.

Grand Total: 1194 creatures vanquished

Notes
Turn   | Place    | Note
-------+----------+-------------------------------------------
     0 | D:1      | Shake04 the Gargoyle Fighter began the quest for the Orb.
     0 | D:1      | Reached XP level 1. HP: 14/14 MP: 1/1
   187 | D:1      | Reached XP level 2. HP: 19/19 MP: 2/2
   564 | D:2      | Reached XP level 3. HP: 22/23 MP: 3/3
   973 | D:2      | Reached XP level 4. HP: 27/29 MP: 4/4
  1256 | D:3      | Found a sparkling altar of Nemelex Xobeh.
  1561 | D:3      | Found a stormy altar of Qazlal.
  1561 | D:3      | Noticed a sky beast
  1573 | D:3      | Killed a sky beast
  1574 | D:3      | Reached XP level 5. HP: 30/33 MP: 5/5
  1581 | D:3      | Became a worshipper of Qazlal Stormbringer
  1824 | D:4      | Identified the +1 helmet "Biareagg" {Fly rElec rC+ Int+3}
  2076 | D:4      | Found a staircase to the Ecumenical Temple.
  2094 | D:4      | Identified the +1 spear "Ultimatum" {spect, rElec rC+}
  2309 | D:4      | Reached XP level 6. HP: 39/39 MP: 6/6
  2827 | Temple   | Entered the Ecumenical Temple
  2936 | D:5      | Entered Level 5 of the Dungeon
  2955 | D:5      | Found Irumauv's Assorted Antiques.
  2962 | D:5      | Bought a sedimented sapphire potion for 17 gold pieces
  2962 | D:5      | Bought a shiny wooden wand for 76 gold pieces
  2962 | D:5      | Bought a scroll labelled LOVONE UJOC for 19 gold pieces
  2962 | D:5      | Bought a scroll labelled PIMEUZ BEOLOWN for 19 gold pieces
  2962 | D:5      | Bought a murky brown potion for 17 gold pieces
  3018 | D:5      | Noticed a hornet
  3021 | D:5      | Reached XP level 7. HP: 44/44 MP: 7/7
  3045 | D:4      | Killed a hornet
  3046 | D:4      | Reached skill level 5 in Fighting
  3046 | D:4      | Reached skill level 5 in Maces & Flails
  3046 | D:4      | Reached skill level 5 in Armour
  3046 | D:4      | Reached skill level 5 in Shields
  3178 | D:5      | Found a hazy altar of Hepliaklqana.
  3182 | D:5      | Found an iron altar of Okawaru.
  3307 | D:5      | Reached XP level 8. HP: 31/50 MP: 8/8
  3797 | D:5      | Found an ancient bone altar of Kikubaaqudgha.
  4014 | D:6      | Noticed Grinder
  4206 | D:6      | Reached * piety under Qazlal
  4539 | D:6      | Reached XP level 9. HP: 56/56 MP: 9/9
  4716 | D:6      | Paralysed by Grinder for 3 turns
  4722 | D:6      | Killed Grinder
  5434 | D:7      | Found a blossoming altar of Fedhas.
  5790 | D:8      | Noticed Maurice
  5846 | D:9      | Reached ** piety under Qazlal
  5847 | D:9      | Reached skill level 1 in Axes
  5862 | D:9      | Reached skill level 2 in Axes
  5884 | D:9      | Found a staircase to the Lair.
  5964 | D:8      | Noticed Grum
  6052 | D:7      | Reached XP level 10. HP: 61/64 MP: 10/10
  6057 | D:7      | Reached skill level 3 in Axes
  6071 | D:8      | Killed Grum
  6245 | D:8      | Noticed Maggie
  6257 | D:8      | Killed Maggie
  6258 | D:8      | Reached skill level 4 in Axes
  6373 | D:8      | Noticed a two-headed ogre
  6382 | D:8      | Killed a two-headed ogre
  6395 | D:8      | Noticed a deep elf pyromancer
  6403 | D:8      | Noticed a centaur warrior
  6406 | D:8      | Noticed a brown ugly thing
  6407 | D:8      | Reached skill level 5 in Axes
  6417 | D:8      | Identified the staff of cold "Ryrahuge" {rElec rC+ MP+9}
  6459 | D:8      | Noticed a two-headed ogre
  6465 | D:7      | HP: 1/65 [killer bee (7)]
  6938 | D:7      | Killed a two-headed ogre
  6940 | D:7      | Reached skill level 6 in Axes
  7060 | D:8      | Killed a deep elf pyromancer
  7061 | D:8      | Reached XP level 11. HP: 60/71 MP: 11/11
  7068 | D:8      | Noticed a deep elf pyromancer
  7075 | D:8      | Killed a brown ugly thing
  7102 | D:8      | Killed a deep elf pyromancer
  7102 | D:8      | Reached *** piety under Qazlal
  7143 | D:8      | Reached skill level 7 in Axes
  7349 | D:8      | Killed a centaur warrior
  7482 | D:8      | Found an ornate altar of the Wu Jian Council.
  7655 | D:8      | Found a shadowy altar of Dithmenos.
  7663 | D:8      | Found a bloodstained altar of Trog.
  7667 | D:8      | Identified the ring "Qazxipna" {Ice rElec Str+5 Int-2
                  | Stlth-}
  7669 | D:8      | Killed Maurice
  7934 | D:8      | Identified the +0 scale mail of a sewer {rF+ Dex+2}
  8266 | D:9      | Noticed a soul eater
  8270 | D:8      | Reached skill level 1 in Dodging
  8289 | D:8      | Reached skill level 8 in Axes
  8300 | D:8      | Reached skill level 10 in Fighting
  8361 | D:8      | Reached skill level 10 in Armour
  8467 | D:9      | You are sucked into a shaft and drop 2 floors!
  8503 | D:10     | Entered Level 10 of the Dungeon
  8647 | D:9      | Found a staircase to the Orcish Mines.
  8683 | D:9      | Noticed a two-headed ogre
  8687 | D:9      | Reached **** piety under Qazlal
  8696 | D:9      | Killed a two-headed ogre
  8697 | D:9      | Reached skill level 1 in Invocations
  8697 | D:9      | Reached XP level 12. HP: 49/78 MP: 8/12
  8957 | D:9      | Reached skill level 9 in Axes
  9555 | Lair:1   | Entered Level 1 of the Lair of Beasts
  9586 | Lair:1   | You are sucked into a shaft and drop 1 floor!
 10241 | Lair:1   | Reached skill level 10 in Axes
 10465 | Lair:1   | Noticed Amaemon
 10482 | Lair:1   | Killed Amaemon
 10560 | Lair:1   | Noticed a death yak
 10561 | Lair:1   | Noticed a death yak
 10563 | Lair:1   | Noticed a death yak
 10574 | Lair:1   | Killed a death yak
 10581 | Lair:1   | Killed a death yak
 10585 | Lair:1   | Killed a death yak
 10783 | Lair:1   | Noticed a catoblepas
 10785 | Lair:1   | Reached XP level 13. HP: 84/84 MP: 16/16
 10803 | Lair:1   | Reached skill level 5 in Invocations
 10966 | Lair:1   | Reached ***** piety under Qazlal
 11825 | Lair:2   | Found a staircase to the Swamp.
 11837 | Lair:2   | Reached skill level 11 in Axes
 11843 | Lair:2   | Reached skill level 5 in Dodging
 12254 | Lair:3   | Found a staircase to the Snake Pit.
 12616 | Lair:2   | Reached skill level 12 in Axes
 12817 | Lair:3   | Found a blossoming altar of Fedhas.
 12827 | Lair:3   | Gained mutation: Your large and strong wings let you fly.
                  | [Gargoyle growth]
 12827 | Lair:3   | Reached XP level 14. HP: 92/92 MP: 19/19
 13178 | Orc:1    | Entered Level 1 of the Orcish Mines
 13634 | Orc:2    | Entered Level 2 of the Orcish Mines
 13655 | Orc:2    | Found a staircase to the Elven Halls.
 13674 | Orc:2    | Found a frozen archway.
 13688 | Orc:2    | Reached ****** piety under Qazlal
 13696 | IceCv    | Entered an ice cave
 13772 | IceCv    | Identified the amulet "Ystron" {Acrobat Stlth+}
 14051 | IceCv    | Noticed a reaper
 14070 | IceCv    | Killed a reaper
 14476 | Orc:2    | Noticed Saint Roka
 14557 | Orc:1    | Reached skill level 13 in Axes
 14634 | Orc:1    | Killed Saint Roka
 14730 | Orc:2    | Noticed an orc warlord
 14784 | Orc:1    | Killed an orc warlord
 14963 | Orc:2    | Found Georokk's Jewellery Boutique.
 14963 | Orc:2    | Found Huegestu's Weapon Emporium.
 15203 | Orc:2    | Gained mutation: Your magical capacity is low. (-10% MP) [a
                  | neqoxec]
 15217 | Orc:2    | HP: 4/94 [orc priest/divine providence (13)]
 15401 | Orc:2    | Found Loivy's Weapon Boutique.
 15401 | Orc:2    | Found Veon's Armour Emporium.
 15555 | Orc:2    | Bought a +0 pair of gloves of infusion for 138 gold pieces
 16538 | D:11     | Reached XP level 15. HP: 99/99 MP: 17/19
 17175 | D:11     | Found a radiant altar of Vehumet.
 17648 | D:12     | Reached skill level 14 in Axes
 18049 | D:13     | Noticed Snorg
 18059 | D:13     | Killed Snorg
 18246 | D:13     | Identified the +7 sling of a Gauntlet {freeze, rC- Int+7}
 18581 | D:13     | Got the Secrets of Energy and the Faeries
 18740 | D:13     | Reached skill level 10 in Invocations
 18822 | D:13     | Identified the ring "Ecier" {Fire rN++ Str+2 Slay-5 SInv}
 19559 | D:14     | Found a gate to the Vaults.
 19633 | D:14     | Found a gate leading to a gauntlet.
 19639 | Gauntlet | Entered a Gauntlet
 19639 | Gauntlet | Found a transporter.
 19639 | Gauntlet | Found a transporter.
 19640 | Gauntlet | Found a transporter.
 19643 | Gauntlet | Found a transporter.
 19643 | Gauntlet | Found a transporter.
 19645 | Gauntlet | Found a large runed translucent door.
 19646 | Gauntlet | Found a large runed translucent door.
 19647 | Gauntlet | Found a large runed translucent door.
 19647 | Gauntlet | Found a large runed translucent door.
 19647 | Gauntlet | Found a runed translucent door.
 19647 | Gauntlet | Found a runed translucent door.
 19648 | Gauntlet | Found a large runed translucent door.
 19649 | Gauntlet | Found a large runed translucent door.
 19649 | Gauntlet | Found a large runed translucent door.
 19649 | Gauntlet | Found a large runed translucent door.
 19650 | Gauntlet | Found a large runed translucent door.
 19651 | Gauntlet | Found a large runed translucent door.
 19655 | Gauntlet | Found a transporter.
 19661 | Gauntlet | Found a transporter.
 19663 | Gauntlet | Found a transporter.
 19663 | Gauntlet | Found a large runed translucent door.
 19663 | Gauntlet | Found a large runed translucent door.
 19664 | Gauntlet | Found a large runed translucent door.
 19664 | Gauntlet | Found a large runed translucent door.
 19664 | Gauntlet | Found a large runed translucent door.
 19665 | Gauntlet | Found a large runed translucent door.
 19674 | Gauntlet | Found a runed translucent gate.
 19674 | Gauntlet | Found a runed translucent gate.
 19674 | Gauntlet | Found a runed translucent gate.
 19676 | Gauntlet | Found a transporter.
 19699 | Gauntlet | Found a transporter.
 19726 | Gauntlet | Found a transporter.
 19801 | Gauntlet | Found a transporter.
 19844 | Gauntlet | Reached skill level 15 in Axes
 19971 | Gauntlet | Identified the ring "Jauwnoug" {Fire rElec rPois rCorr
                  | Dex+5}
 20100 | Gauntlet | Identified the +7 shortbow "Noil" {flame, Str+2}
 20446 | D:15     | Entered Level 15 of the Dungeon
 20570 | D:15     | Found a hazy altar of Hepliaklqana.
 20893 | D:15     | Reached XP level 16. HP: 87/104 MP: 1/21
 21225 | D:15     | Found a staircase to the Depths.
 21300 | D:15     | Found a runed translucent gate.
 21301 | D:15     | Found a runed translucent gate.
 21303 | D:15     | Found a runed translucent gate.
 21749 | D:15     | Found a runed translucent gate.
 21749 | D:15     | Found a runed translucent gate.
 21749 | D:15     | Noticed Kumod's ghost (adept DECj)
 21752 | D:15     | Found a runed translucent gate.
 21769 | D:15     | Gained mutation: You have large cloven feet. [a neqoxec]
 21772 | D:15     | Gained mutation: You are frail. (-10% HP) [a neqoxec]
 21780 | D:15     | Gained mutation: You occasionally lose the ability to read
                  | scrolls when taking damage. [a neqoxec]
 21781 | D:15     | Killed Kumod's ghost
 21783 | D:15     | Gained mutation: You do not regenerate when monsters are
                  | visible. [a cacodemon]
 22058 | Snake:1  | Entered Level 1 of the Snake Pit
 22083 | Snake:1  | Reached skill level 10 in Shields
 22091 | Snake:1  | Found Tiarph's Assorted Antiques.
 22325 | Snake:1  | Reached skill level 16 in Axes
 22959 | Snake:1  | Noticed Aizul
 22970 | Snake:1  | Killed Aizul
 23768 | Snake:2  | Got the Elucidation of Mustering
 25239 | Snake:3  | Reached XP level 17. HP: 98/99 MP: 15/23
 25827 | Snake:4  | Entered Level 4 of the Snake Pit
 25833 | Snake:4  | Found a glowing silver altar of Zin.
 26604 | Snake:4  | Identified a scroll of acquirement
 26613 | Snake:4  | Reached skill level 17 in Axes
 27263 | Snake:4  | Got a serpentine rune of Zot
 27633 | Elf:1    | Entered Level 1 of the Elven Halls
 27650 | Elf:1    | Noticed Jorgrun
 27914 | Lair:4   | Found a staircase to the Slime Pits.
 27915 | Lair:4   | Found a viscous altar of Jiyva.
 28473 | Lair:4   | Acquired the +1 pair of boots of the Wasteland {rC- rN++
                  | Will+ Dex+3}
 28902 | Lair:5   | Entered Level 5 of the Lair of Beasts
 28953 | Lair:5   | Reached skill level 15 in Fighting
 29077 | Lair:5   | Reached XP level 18. HP: 107/107 MP: 15/25
 31313 | Swamp:1  | Entered Level 1 of the Swamp
 31428 | Swamp:1  | Reached skill level 15 in Shields
 31828 | Swamp:1  | Identified the +1 tower shield of the Beginning {Stlth+}
 31828 | Swamp:1  | Noticed Louise
 31840 | Abyss:2  | Cast into level 2 of the Abyss (Louise)
 31848 | Abyss:2  | Found a corrupted altar of Lugonu.
 31869 | Abyss:2  | Found a corrupted altar of Lugonu.
 32132 | Abyss:2  | Gained mutation: Your magical capacity is very low. (-20%
                  | MP) [a cacodemon]
 32159 | Swamp:1  | Escaped the Abyss
 32167 | Swamp:1  | Killed Louise
 32319 | Swamp:1  | Found a basalt altar of Yredelemnul.
 33521 | Swamp:3  | Noticed Nikola
 33530 | Swamp:3  | Killed Nikola
 33533 | Swamp:3  | Reached XP level 19. HP: 56/112 MP: 3/23
 33802 | Swamp:3  | Found a runed translucent door.
 34380 | Swamp:3  | Identified the +3 morningstar of Pain and Death {venom,
                  | Int+3}
 34496 | Swamp:4  | Entered Level 4 of the Swamp
 35099 | Swamp:4  | Killed from afar by an ice dragon

Illustrated notes

Levels and vault maps discovered:
D:1:      wander_arrival_peaceful_grave, layout_rooms,
          minmay_misc_feat_secret_circle,
          nicolae_concentric_dashed_squares_wild, minmay_tiny_reverse_x
D:2:      layout_basic, minmay_misc_feat_pillars
D:3:      layout_rooms, nicolae_qazlal_beasts_of_the_sky,
          mainiacjoe_overflow_paths
D:4:      layout_loops_corners, minmay_temple_entry_crystal_x
D:5:      layout_cave_pods, mainiacjoe_overflow_tiny_flanked,
          overflow_temple_1_default, kiku_gazebo_pond_becter, serial_shops,
          nicolae_shop_tiny_waterfront, minmay_chambers_of_fives
D:6:      layout_basic, uniq_grinder
D:7:      layout_rooms, fedhas_ov_isle_minmay
D:8:      minmay_the_grid_square_5x5_3x3 [minmay_the_grid_square_5x5_empty,
          minmay_the_grid_square_5x5_corner, minmay_the_grid_square_5x5_tie,
          minmay_the_grid_square_5x5_half_checkered,
          minmay_the_grid_square_5x5_megaprize_diamond,
          minmay_the_grid_square_5x5_checkered_statues,
          minmay_the_grid_square_5x5_shuriken,
          minmay_the_grid_square_5x5_hourglass,
          minmay_the_grid_square_5x5_percent], layout_rooms,
          amcnicky_altar_gilded, lemuel_round_altar, overflow_temple_1_default,
          uniq_grum, uniq_maurice, uniq_maggie
D:9:      kennysheep_blocky_hall, layout_irregular_city,
          grunt_lair_entry_orc_guard_hut, minmay_orc_entry_guard_dogs
D:10:     layout_loops_ring, onia_ninara_cookie
D:11:     layout_loops_ring, hangedman_abyss_or_decor_stabs,
          dreamdust_deal_with_the_devil, kennysheep_cross_room,
          kennysheep_diamond
D:12:     layout_basic
D:13:     minmay_tri_box, layout_cave_pools, special_room [special_room_orc],
          uniq_snorg
D:14:     layout_rooms, erik_vaults_2, gauntlet_entry_generic,
          chequers_serial_rivers_marsh
D:15:     grunt_enter_depths_hoard, layout_stronghold,
          nzn_hepliaklqana_mist_gate,
          ploomutoo_gammafunk_ghost_potion_laboratory
Temple:   dshaligram_water_room_temple
Lair:1:   layout_cave_pods, uniq_amaemon
Lair:2:   beast_lair_carwin_large_3, layout_misc_corridors,
          nicolae_swamp_entry_spooky, infiniplex_staircase_pool_2,
          grunt_megastairs_3
Lair:3:   slaughterhouse, layout_misc_corridors, hangedman_tree_tricks,
          beast_lair_carwin_9, infiniplex_staircase_pool
Lair:4:   layout_misc_corridors, nicolae_slime_entry_field_trip, minmay_holes,
          beast_lair_carwin_4
Lair:5:   due_jungle_book, layout_layer_cave, dreamdust_gnoll_shepherd
Swamp:1:  layout_basic_swamp, nicolae_swamp_feature_on_the_river_bank,
          uniq_louise
Swamp:2:  layout_falls_marsh, serial_swamp_ruin, hangedman_swamp_ruin_hall,
          evilmike_swamp_ruin_house_6, hangedman_swamp_ruin_wall
Swamp:3:  gammafunk_mikee_crab_dinner, layout_falls_marsh,
          evilmike_swamp_ruin_wall, uniq_nikola
Swamp:4:  swamp_icy, layout_basic_swamp, swamp_pool1
Snake:1:  layout_grid_maze, serial_shops, nicolae_shop_overgrown_old_shop,
          nicolae_snake_yet_another_twisty_hallway, st_stairs_7, uniq_aizul
Snake:2:  layout_chambers
Snake:3:  layout_honeycomb
Snake:4:  minmay_snake_end_coiled, layout_rooms, basic_altar,
          guppyfry_library_mini
Orc:1:    layout_caves, basic_altar
Orc:2:    st_orc_town, layout_caves, portal_ice_cave_entry_imps, uniq_saint_roka
Elf:1:    gammafunk_its_a_trap, layout_loops_cross, orc_legates,
          einodemon_armed_red_devil_minivault, uniq_jorgrun

Skill      XL: |  1  2  3  4  5  6  7  8  9 10 11 12 13 14 15 16 17 18 19 |
---------------+----------------------------------------------------------+-----
Maces & Flails | 3 4 5 7 8 |  8.4
Fighting       | 4 5 6 7 9 10 11 12 13 14 15 16 | 16.3
Armour         | 4 5 6 7 9 10 11 | 11.8
Shields        | 4 5 6 7 9 11 13 15 16 | 16.0
Axes           | 2 6 8 10 12 13 15 16 17 | 17.4
Dodging        | 2 4 6 7 8 |  8.6
Invocations    | 1 4 7 9 11 12 13 14 | 14.8

Action                     |  1- 3 |  4- 6 |  7- 9 | 10-12 | 13-15 | 16-18 | 19-21 || total
---------------------------+-------+-------+-------+-------+-------+-------+-------++-------
  Melee: Flail             |    41 |       |       |       |       |       |       ||    41
         Whip              |    61 |   118 |   360 |       |       |       |       ||   539
         Battleaxe         |       |       |    35 |   418 |   361 |       |       ||   814
         War axe           |       |       |       |       |   167 |       |       ||   167
         Broad axe         |       |       |       |       |   458 |  1220 |   164 ||  1842
         Punch             |       |       |       |       |     2 |       |       ||     2
         Eveningstar       |       |       |       |       |       |    21 |    17 ||    38
  Throw: Boomerang         |       |       |       |     1 |       |       |       ||     1
 Invoke: Upheaval          |       |       |       |     1 |       |     2 |       ||     3
         Disaster Area     |       |       |       |       |     2 |       |       ||     2
         Elemental Force   |       |       |       |       |     1 |     1 |       ||     2
    Use: Scroll            |       |       |    13 |    13 |    15 |     7 |       ||    48
         Potion            |       |       |     1 |     7 |     1 |       |       ||     9
   Stab: Distracted        |       |       |       |       |     1 |     3 |     1 ||     5
         Paralysed         |       |       |       |       |     1 |       |     1 ||     2
 Armour: Plate armour      |    67 |    68 |   234 |   388 |   275 |       |       ||  1032
         Scale mail        |     7 |       |       |       |       |       |       ||     7
         Steam dragon scal |       |       |       |    37 |       |       |       ||    37
         Skin              |       |       |       |    23 |     1 |       |       ||    24
         Crystal plate arm |       |       |       |       |   320 |   439 |    72 ||   831
  Dodge: Dodged            |    29 |    18 |   106 |   264 |   441 |   186 |    20 ||  1064
         Repelled          |       |       |       |       |     9 |    23 |     2 ||    34
  Block: Buckler           |    20 |    20 |    92 |       |       |       |       ||   132
         Other             |       |       |     3 |   116 |   183 |       |       ||   302
         Kite shield       |       |       |       |       |   447 |   913 |       ||  1360
         Tower shield      |       |       |       |       |       |   117 |   187 ||   304
